 Dungeon Crawl Stone Soup version 0.30-a0-691-g754fce4c43 (webtiles) character file.

Game seed: 3838937083278536243

25 garrulousMonolith the Digger (level 3, -3/20 HPs)
             Began as a Gargoyle Earth Elementalist on Jan 20, 2023.
             Slain by Sigmund
             ... wielding a +0 scythe
              (7 damage)
             ... on level 2 of the Dungeon.
             The game lasted 00:01:35 (1016 turns).

garrulousMonolith the Digger (GrEE)                 Turns: 1016, Time: 00:01:35

Health: -3/20      AC:  5    Str: 11    XL:     3   Next: 4%
Magic:  3/6        EV: 12    Int: 17    God:
Gold:   101        SH:  0    Dex: 10    Spells: 0/6 levels left

rFire   . . .      SeeInvis .    c - +0 dagger
rCold   . . .      Faith    .    (no shield)
rNeg    + . .      Spirit   .    a - +0 robe
rPois   ∞          Reflect  .    (no helmet)
rElec   +          Harm     .    (no cloak)
rCorr   .          Rampage  .    (no gloves)
Will    .....                    (no boots)
Stlth   ++                       (no amulet)
HPRegen 0.23/turn                (no ring)
MPRegen 0.10/turn                (no ring)

@: no status effects
A: sickness immunity, AC +3, negative energy resistance 1, electricity
resistance, torment resistance 1, petrification resistance
a: no special abilities


You were on level 2 of the Dungeon.
You visited 1 branch of the dungeon, and saw 2 of its levels.

You collected 101 gold pieces.

Inventory:

Hand Weapons
 c - a +0 dagger (weapon)
 d - a +0 mace
Armour
 a - a +0 robe (worn)
 g - a +0 ring mail
Jewellery
 n - a +6 ring of intelligence
Scrolls
 e - a scroll of enchant weapon {unknown}
 h - 6 scrolls of identify {unknown}
 i - 2 scrolls of brand weapon {unknown}
 k - 2 scrolls of teleportation {unknown}
 l - a scroll of amnesia {unknown}
 o - a scroll of vulnerability {unknown}
Potions
 b - a potion of magic
 f - 2 potions of resistance {unknown}
 j - a potion of ambrosia {unknown}
 m - a potion of lignification {unknown}


   Skills:
 + Level 0.9 Fighting
 + Level 0.5 Armour
 + Level 1.7 Dodging
 - Level 2.1 Stealth
 + Level 2.1 Spellcasting
 * Level 1.1 Conjurations
 - Level 1.0 Transmutations
 * Level 4.0 Earth Magic


You couldn't memorise any spells.
You knew the following spells:

 Your Spells              Type           Power      Damage    Failure   Level
a - Sandblast             Erth           30%        2d9       3%          1
b - Stone Arrow           Conj/Erth      20%        3d8       21%         3
c - Passwall              Tmut/Erth      8%         N/A       11%         2

Your spell library contained the following spells:

 Spells                   Type           Power      Damage    Failure   Level
 Petrify                  Tmut/Erth      10%        N/A       56%         4


Dungeon Overview and Level Annotations

Branches:
Dungeon (2/15)

Altars:

Annotations:
D:2 Sigmund


Innate Abilities, Weirdness & Mutations

You are immune to sickness and miasma.
Your stone body is resilient. (AC +3)
You are immune to poison.
You resist negative energy. (rN+)
You are resistant to electric shocks. (rElec)
You are resistant to unholy torment.
You are immune to petrification.


Message History

Casting: Sandblast (safe; 3% risk of failure)
Confirm with . or Enter, or press ? or * to list all spells.
Aiming: Sandblast (safe; 3% risk of failure)
Press: ? - help, Shift-Dir - straight line, f - frilled lizard
Aim: a frilled lizard (70% to hit)
The blast of sand hits the frilled lizard!
You kill the frilled lizard!
h - 6 scrolls labelled KETASTR HACU (gained 1)
You now have 101 gold pieces (gained 10).
Sigmund the Dreaded comes into view.
He is wielding a +0 scythe and wearing a +2 robe of cold resistance.
Sigmund points at you and mumbles some strange words.
The magic dart hits you!
Ouch! That really hurt!
Casting: Sandblast (safe; 3% risk of failure)
Confirm with . or Enter, or press ? or * to list all spells.
Aiming: Sandblast (safe; 3% risk of failure)
Press: ? - help, Shift-Dir - straight line, f - Sigmund
Aim: Sigmund, wielding a +0 scythe and wearing a +2 robe of cold resistance (80% to hit)
The blast of sand hits Sigmund but does no damage.
Casting: Sandblast (safe; 3% risk of failure)
Confirm with . or Enter, or press ? or * to list all spells.
Aiming: Sandblast (safe; 3% risk of failure)
Press: ? - help, Shift-Dir - straight line, f/p - Sigmund
Aim: Sigmund, wielding a +0 scythe and wearing a +2 robe of cold resistance (80% to hit)
The blast of sand hits Sigmund!
Sigmund is moderately wounded.
Sigmund casts a spell.
Sigmund flickers and vanishes!
Deactivating autopickup; reactivate with Ctrl-A.
Something hits you.
* * * LOW HITPOINT WARNING * * *
Casting: Sandblast (safe; 3% risk of failure)
Confirm with . or Enter, or press ? or * to list all spells.
You can't see any susceptible monsters within range! (Use Z to cast anyway.)
Casting: Sandblast (safe; 3% risk of failure)
Confirm with . or Enter, or press ? or * to list all spells.
Aiming: Sandblast (safe; 3% risk of failure)
Press: ? - help, Shift-Dir - straight line The blast of sand hits something.
Something hits you!
You die...

### ##@# ##.#.#
### ####.###{#
..#########...##
#.#
..#.........##.#
## .....########
#.# ..#.## #.#
#.### ... ..#
...


There were no monsters in sight!

Vanquished Creatures
  2 dart slugs (D:1)
  2 bats
  3 endoplasms (D:1)
  2 goblins
  3 hobgoblins
  A ball python (D:1)
  2 frilled lizards
  3 kobolds (D:1)
  A rat (D:1)
19 creatures vanquished.

Notes
Turn   | Place    | Note
-------+----------+-------------------------------------------
     0 | D:1      | garrulousMonolith the Gargoyle Earth Elementalist began the
                  | quest for the Orb.
     0 | D:1      | Reached XP level 1. HP: 10/10 MP: 3/3
   374 | D:1      | Reached XP level 2. HP: 15/15 MP: 3/5
   703 | D:1      | Reached skill level 1 in Conjurations
   835 | D:2      | Reached skill level 1 in Transmutations
   901 | D:2      | Reached skill level 4 in Earth Magic
   901 | D:2      | Reached XP level 3. HP: 20/20 MP: 4/6
   905 | D:2      | Learned a level 3 spell: Stone Arrow
   908 | D:2      | Learned a level 2 spell: Passwall
  1013 | D:2      | Noticed Sigmund
  1016 | D:2      | Slain by Sigmund

Illustrated notes

Levels and vault maps discovered:
D:1:      noname_arrival_rooms_in_the_neighbourhood, layout_basic
D:2:      layout_loops_cross, uniq_sigmund

Skill      XL: |  1  2 |
---------------+-------+-----
Conjurations   | 1 |  1.1
Transmutations | 1 |  1.0
Earth Magic    | 4 |  4.0
Fighting       | |  0.9
Armour         | |  0.5
Dodging        | |  1.7
Stealth        | |  2.1
Spellcasting   | |  2.1

Action                   || total
-------------------------++-------
Melee: Unarmed           ||     4
       Dagger            ||     1
 Cast: Sandblast         ||    27
Armor: Robe              ||     3
Dodge: Dodged            ||     2

Table legend: (Time is in decaauts)
 A = Elapsed time spent in this place.
 B = Non-inter-level travel time spent in this place.
 C = Inter-level travel time spent in this place.
 D = Time resting spent in this place.
 E = Time spent auto-exploring this place.
 F = Levels seen in this place.
 G = Mean time per level.
                   A        B        C        D        E       F      G
               +--------+--------+--------+--------+--------+-----+--------+
         Total |   1028 |   1004 |     24 |      0 |    863 |   2 |  514.0 |
       Dungeon |   1028 |   1004 |     24 |      0 |    863 |   2 |  514.0 |
               +--------+--------+--------+--------+--------+-----+--------+

Top non-repeatable levels by time:
     D:1: 841 daAuts
     D:2: 186 daAuts
